 Dungeon Crawl Stone Soup version 0.30-a0-322-g102857c98e (webtiles) character file.

Game seed: 1880263644886278467

475 hikkokomori the Conjurer (level 6, 0/45 HPs)
             Began as a Demigod Conjurer on Oct 28, 2022.
             Slain by a black bear (6 damage)
             ... on level 4 of the Dungeon.
             The game lasted 00:10:20 (4427 turns).

hikkokomori the Conjurer (Demigod Conjurer)         Turns: 4427, Time: 00:10:20

Health: 0/45       AC:  2    Str:  8    XL:     6   Next: 54%
Magic:  0/14       EV: 12    Int: 28    God:
Gold:   159        SH:  0    Dex: 12    Spells: 5/12 levels left

rFire   . . .      SeeInvis .    p - +0 halberd
rCold   . . .      Faith    .    (shield currently unavailable)
rNeg    . . .      Spirit   .    a - +0 robe
rPois   .          Reflect  .    (no helmet)
rElec   .          Harm     .    (no cloak)
rCorr   .          Rampage  .    (no gloves)
Will    .....                    (no boots)
Stlth   ++........               (no amulet)
HPRegen 0.27/turn                (no ring)
MPRegen 0.14/turn                (no ring)

@: no status effects
A: high MP 1, forlorn, divine attributes
a: no special abilities


You were on level 4 of the Dungeon.
You visited 1 branch of the dungeon, and saw 4 of its levels.

You collected 159 gold pieces.

Inventory:

Hand Weapons
 d - a +0 club
 p - a +0 halberd (weapon)
Missiles
 j - a throwing net
 m - 4 curare-tipped darts
Armour
 a - a +0 robe (worn)
 n - a +0 ring mail of willpower
Scrolls
 c - a scroll of immolation {unknown}
 e - 2 scrolls of teleportation {unknown}
 h - a scroll of noise {unknown}
 k - a scroll of blinking {unknown}
 l - a scroll of identify {unknown}
 q - 2 scrolls of enchant armour {unknown}
 r - a scroll of vulnerability {unknown}
Potions
 b - 2 potions of magic
 f - a potion of mutation {unknown}
 g - a potion of experience {unknown}
 i - 4 potions of curing
 o - 2 potions of heal wounds {unknown}


   Skills:
 - Level 1.8 Dodging
 - Level 1.8 Stealth
 + Level 3.7 Spellcasting
 * Level 6.5 Conjurations


You had 5 spell levels left.
You knew the following spells:

 Your Spells              Type           Power      Damage    Failure   Level
a - Magic Dart            Conj           100%       1d8       1%          1
b - Searing Ray           Conj           82%        2d7       1%          2
c - Fulminant Prism       Conj/Hex       11%        3d9       21%         4

Your spell library contained the following spells:

 Spells                   Type           Power      Damage    Failure   Level
 Dazzling Flash           Conj/Hex       46%        N/A       6%          3
 Iskenderun's Mystic Bla  Conj/Tloc      23%        2d6       21%         4
 Portal Projectile        Hex/Tloc       10%        N/A       22%         3
 Tukima's Dance           Hex            5%         N/A       22%         3
 Blade Hands              Tmut           2%         N/A       91%         5


Dungeon Overview and Level Annotations

Branches:
Dungeon (4/15)
 Temple: D:4-7

Shops:
D:1 :?:([


Innate Abilities, Weirdness & Mutations

You have an increased reservoir of magic. (+10% MP)
You shall have no god before yourself.
Your divine heritage dramatically boosts your attributes as you level up.


Message History

Okay, then.
Casting: Searing Ray (safe; 1% risk of failure)
Confirm with . or Enter, or press ? or * to list all spells.
Aiming: Searing Ray (safe; 1% risk of failure)
Press: ? - help, Shift-Dir - straight line, f - black bear
Aim: a black bear (87% to hit)
The searing ray misses the black bear. (Press . to maintain the ray.)
The searing ray hits the black bear.
The black bear is lightly wounded.
The searing ray hits the black bear!
The black bear is heavily wounded.
The black bear bites you! The black bear claws you.
The black bear claws you but does no damage.
The searing ray hits the black bear!
The black bear is severely wounded.
You finish channelling your searing ray.
The black bear goes berserk!
The black bear completely misses you. The black bear claws you.
The black bear misses you.
You barely miss the black bear.
The black bear is severely wounded.
The black bear bites you! The black bear barely misses you. x2
The black bear bites you but does no damage.
The black bear claws you. The black bear barely misses you.
Unknown command.
Casting: Searing Ray (safe; 1% risk of failure)
Confirm with . or Enter, or press ? or * to list all spells.
Aiming: Searing Ray (safe; 1% risk of failure)
Press: ? - help, Shift-Dir - straight line, f/p - black bear
Aim: a black bear (severely wounded, berserk, 87% to hit)
The searing ray hits the black bear.
The black bear is almost dead. (Press . to maintain the ray.)
The black bear barely misses you. The black bear claws you. x2
* * * LOW HITPOINT WARNING * * *
The black bear bites you.
* * * LOW HITPOINT WARNING * * *
The black bear claws you.
You die...

#..# .#
#..####.######.#
#..............#
#...≈≈≈≈≈≈≈≈≈..#
#...≈..... .≈..#
#.).≈.#####.≈..#
.#####)).≈.....#.≈.#
.........≈.#._.#.≈.#
#######..≈.#$.h@.≈.#
#..≈.#####.≈.# #
#..≈.......≈.# #
##†≈≈≈.≈≈≈≈≈.# #
#...h.....?.# #
#####..###### # #.##
##### #.#
....#########.#


You could see a black bear (berserk).

Vanquished Creatures
  2 ice beasts (D:4)
  A hound (D:4)
  An orc priest (D:4)
  An orc wizard (D:3)
  3 adders
  9 gnolls
  2 worms (D:2)
  A dart slug (D:3)
  5 orcs
  9 ball pythons
  8 endoplasms
  3 giant cockroaches (D:1)
  8 goblins
  9 hobgoblins
  A quokka (D:1)
  7 bats
  5 frilled lizards
  5 kobolds
  3 rats
83 creatures vanquished.

Vanquished Creatures (others)
  2 fulminant prisms (D:4)
  12 plants (D:2)
14 creatures vanquished.

Grand Total: 97 creatures vanquished

Notes
Turn   | Place    | Note
-------+----------+-------------------------------------------
     0 | D:1      | hikkokomori the Demigod Conjurer began the quest for the
                  | Orb.
     0 | D:1      | Reached XP level 1. HP: 14/14 MP: 5/5
   172 | D:1      | Found Xiame's Armour Shoppe.
   180 | D:1      | Found Todghoc's Antique Weapon Shop.
   198 | D:1      | Found Siseuk's Book Shop.
   278 | D:1      | Found Bocw's Magic Scroll Boutique.
   355 | D:1      | Found Veallach's Vocational Training.
   358 | D:1      | Reached XP level 2. HP: 20/20 MP: 4/7
   438 | D:1      | Reached skill level 4 in Conjurations
   714 | D:1      | HP: 1/20 [frozen (3)]
   918 | D:1      | Learned a level 2 spell: Searing Ray
  1352 | D:1      | Reached XP level 3. HP: 13/26 MP: 3/9
  2739 | D:2      | Reached XP level 4. HP: 30/33 MP: 4/10
  2896 | D:3      | Reached skill level 5 in Conjurations
  3106 | D:3      | Reached XP level 5. HP: 28/38 MP: 3/12
  4067 | D:4      | Noticed an ice beast
  4077 | D:4      | Killed an ice beast
  4078 | D:4      | Reached skill level 6 in Conjurations
  4181 | D:4      | Learned a level 4 spell: Fulminant Prism
  4230 | D:4      | Reached XP level 6. HP: 45/45 MP: 12/14
  4427 | D:4      | Slain by a black bear

Illustrated notes

Levels and vault maps discovered:
D:1:      dpeg_arrival_snail, layout_basic, serial_shops, shop, shop,
          nicolae_shop_temple_entry_statues_fountains, shop, minivault_5,
          minmay_strange_pillars, nicolae_shop_vocational
D:2:      layout_loops_cross, basic_ecumenical_altar, serial_bayou,
          serial_bayou_ford_a, serial_bayou_lagoon_a, serial_bayou_pond_e,
          serial_bayou_pond_e
D:3:      layout_basic, kennysheep_nondescript
D:4:      corexii_shantytown, layout_loops_ring, mainiacjoe_overflow_brackets

Skill      XL: |  1  2  3  4  5 |
---------------+----------------+-----
Spellcasting   | 2 3 |  3.7
Conjurations   | 4 5 6 |  6.5
Dodging        | |  1.8
Stealth        | |  1.8

Action                   |  1- 3 |  4- 6 || total
-------------------------+-------+-------++-------
Melee: Unarmed           |    19 |       ||    19
       Club              |     8 |    10 ||    18
       Halberd           |       |    11 ||    11
 Cast: Magic Dart        |   113 |    28 ||   141
       Searing Ray       |       |    14 ||    14
       Fulminant Prism   |       |     2 ||     2
  Use: Potion            |     1 |       ||     1
 Stab: Sleeping          |       |     1 ||     1
Armor: Skin              |     1 |       ||     1
       Robe              |     1 |     9 ||    10
Dodge: Dodged            |    25 |    30 ||    55

Table legend: (Time is in decaauts)
 A = Elapsed time spent in this place.
 B = Non-inter-level travel time spent in this place.
 C = Inter-level travel time spent in this place.
 D = Time resting spent in this place.
 E = Time spent auto-exploring this place.
 F = Levels seen in this place.
 G = Mean time per level.
                   A        B        C        D        E       F      G
               +--------+--------+--------+--------+--------+-----+--------+
         Total |   4456 |   4350 |    106 |    482 |   3272 |   4 | 1114.0 |
       Dungeon |   4456 |   4350 |    106 |    482 |   3272 |   4 | 1114.0 |
               +--------+--------+--------+--------+--------+-----+--------+

Top non-repeatable levels by time:
     D:1: 1660 daAuts
     D:3: 1219 daAuts
     D:2: 1200 daAuts
     D:4: 376 daAuts
